 Dungeon Crawl Stone Soup version 0.27-a0-562-g0d39f094a4 (webtiles) character file.

Game seed: 13637557161493860371

46 tsouns the Sneak (level 3, -1/30 HPs)
             Began as a Demigod Brigand on Mar 8, 2021.
             Slain by an adder (2 damage)
             ... on level 2 of the Dungeon.
             The game lasted 00:01:43 (1170 turns).

tsouns the Sneak (Demigod Brigand)                  Turns: 1170, Time: 00:01:43

Health: -1/30      AC:  5    Str: 12    XL:     3   Next: 27%
Magic:  5/5        EV: 12    Int: 13    God:
Gold:   5          SH:  0    Dex: 19    Spells: 2/2 levels left

rFire    + . .     SeeInvis .   a - +2 dagger
rCold    . . .     Faith    .   (no shield)
rNeg     . . .     Spirit   .   b - +0 robe
rPois    .         Reflect  .   (no helmet)
rElec    .         Harm     .   c - +0 cloak
rCorr    .         Rampage  .   (no gloves)
Will     +....                  (no boots)
Stlth    +++.......             (no amulet)
HPRegen  0.10/turn              (no ring)
MPRegen  0.09/turn              (no ring)

@: lethally poisoned (-1 -> -3)
A: molten scales 1, fire resistance 1, high mp 1, strong-willed 1, forlorn
a: no special abilities


You were on level 2 of the Dungeon.
You visited 1 branch of the dungeon, and saw 2 of its levels.

You collected 5 gold pieces.

Inventory:

Hand Weapons
 a - a +2 dagger (weapon)
Missiles
 d - 6 poisoned darts (quivered)
Armour
 b - a +0 robe (worn)
 c - a +0 cloak (worn)


   Skills:
 + Level 2.5 Fighting
 - Level 1.7 Short Blades
 + Level 2.4 Throwing
 + Level 1.8 Dodging
 - Level 3.6 Stealth


You had 2 spell levels left.
You didn't know any spells.
Your spell library was empty.

Dungeon Overview and Level Annotations

Branches:
Dungeon (2/15)


Innate Abilities, Weirdness & Mutations

Your attributes grow dramatically as you level up.
You have an increased reservoir of magic. (+10% MP)
You shall have no god before yourself.
You are partially covered in molten scales. (AC +2)
Your flesh is heat resistant. (rF+)
You are strong-willed. (Will+)


Message History

The adder poisons you!
You don't have any such object.
Fire/throw which item? (* to show all) (? for menu, Esc to quit)
Okay, then.
Throw: 7 darts (poison)
Press: ? - help, Q - select action Shift-Dir - straight line, f/p - adder
Aim: an adder (46% to hit)
You throw a poisoned dart.
The poisoned dart closely misses the adder.
You feel sick. The adder bites you.
* * * LOW HITPOINT WARNING * * *
The adder barely misses you.
You hit the adder.
The adder is moderately wounded.
The adder barely misses you.
It was a potion of mutation.
You feel extremely strange.
You feel strong-willed.
You feel resistant to heat.
Molten scales grow over part of your body.
The adder bites you but does no damage.
You miss the adder.
The adder is moderately wounded.
* * * LOW HITPOINT WARNING * * *
You feel sick. The adder bites you but does no damage.
You hit the adder but do no damage.
The adder is moderately wounded.
The adder bites you but does no damage.
You completely miss the adder.
The adder is moderately wounded.
The adder barely misses you.
You hit the adder.
The adder is heavily wounded.
The adder bites you but does no damage. x2
You hit the adder.
The adder is heavily wounded.
* * * LOW HITPOINT WARNING * * *
You feel sick. The adder closely misses you.
You hit the adder.
The adder is severely wounded.
The adder bites you.
You die...

......=.........#
................# #######.#
...............# #.......#
...............# #.......#
...............# #.......#
...............#####.......#
............##.............#
........)...##.............#
......(....(S@.............#
............##..........##.#
............##..........##.#
>.......######......†...##'###
.....#### #...............#
..##.####### #...............#
.. ........########..........#
.......<.<....##..........#
#.#####.#.######.†.####.###


You could see an adder.

Vanquished Creatures
  2 adders (D:2)
  A dart slug (D:1)
  A leopard gecko (D:1)
  5 bats
  2 giant cockroaches (D:1)
  4 goblins
  2 hobgoblins
  A quokka (D:2)
  A frilled lizard (D:1)
  2 kobolds
  4 rats (D:1)
25 creatures vanquished.

Notes
Turn   | Place    | Note
-------+----------+-------------------------------------------
     0 | D:1      | tsouns the Demigod Brigand began the quest for the Orb.
     0 | D:1      | Reached XP level 1. HP: 17/17 MP: 3/3
    24 | D:1      | Reached skill level 1 in Dodging
   309 | D:1      | Reached XP level 2. HP: 21/24 MP: 4/4
   981 | D:2      | Reached XP level 3. HP: 24/30 MP: 5/5
  1106 | D:2      | Noticed a blizzard demon
  1164 | D:2      | Gained mutation: You are strong-willed. (Will+) [potion of
                  | mutation]
  1164 | D:2      | Gained mutation: Your flesh is heat resistant. (rF+)
                  | [potion of mutation]
  1164 | D:2      | Gained mutation: You are partially covered in molten
                  | scales. (AC +2) [potion of mutation]
  1165 | D:2      | HP: 1/30 [poisoned by an adder]
  1170 | D:2      | Slain by an adder

Illustrated notes

Levels and vault maps discovered:
D:1:      dpeg_arrival_simpleton_a, layout_basic, minmay_splitting_lines,
          palyth_stone_intersect
D:2:      layout_basic, grunt_dithmenos_smoke_and_mirrors,
          makhleb_altar_promises_db, bh_walls_and_bars, uniq_terence

Skill      XL: |  1 |
---------------+----+-----
Dodging        | 1 |  1.8
Fighting       | 2 |  2.5
Throwing       | 2 |  2.4
Short Blades   | |  1.7
Stealth        | |  3.6

Action                   || total
-------------------------++-------
Melee: Dagger            ||    97
Throw: Dart              ||     4
  Use: Potion            ||     2
 Stab: Sleeping          ||     5
Armor: Robe              ||    30
Dodge: Dodged            ||    66

Table legend: (Time is in decaauts)
 A = Elapsed time spent in this place.
 B = Non-inter-level travel time spent in this place.
 C = Inter-level travel time spent in this place.
 D = Time resting spent in this place.
 E = Time spent auto-exploring this place.
 F = Levels seen in this place.
 G = Mean time per level.
                   A        B        C        D        E       F      G
               +--------+--------+--------+--------+--------+-----+--------+
         Total |   1161 |   1140 |     21 |      0 |    941 |   2 |  580.5 |
       Dungeon |   1161 |   1140 |     21 |      0 |    941 |   2 |  580.5 |
               +--------+--------+--------+--------+--------+-----+--------+

Top non-repeatable levels by time:
     D:1: 788 daAuts
     D:2: 372 daAuts
